 Dungeon Crawl Stone Soup version 0.21.1-1-g345015f (webtiles) character file.

117 andwo the Grave Robber (level 4, -2/45 HPs)
             Began as a Demonspawn Necromancer on Apr 29, 2018.
             Slain by Grinder (5 damage)
             ... while paralysed by Grinder
             ... on level 3 of the Dungeon.
             The game lasted 00:16:06 (4218 turns).

andwo the Grave Robber (Demonspawn Necromancer)     Turns: 4218, Time: 00:16:06

Health: -2/45      AC:  2    Str: 10 (13) XL:     4   Next: 71%
Magic:  6/7        EV:  2    Int: 17 (18) God:
Gold:   122        SH:  0    Dex: 10 (13) Spells: 1/7 levels left

rFire    . . .     SeeInvis .   (no weapon)
rCold    . . .     Gourm    .   (no shield)
rNeg     . . .     Faith    .   a - +0 robe
rPois    .         Spirit   .   (no helmet)
rElec    .         Reflect  .   (no cloak)
rCorr    .         Harm     .   (no gloves)
MR       .....                  (no boots)
Stlth    ..........             n - amulet of rage
HPRegen  0.15/turn              (no ring)
MPRegen  0.10/turn              (no ring)

@: paralysed, berserking (expiring)
A: repulsion field 1
a: Evoke Berserk Rage


You were on level 3 of the Dungeon.
You were not hungry.

You visited 1 branch of the dungeon, and saw 3 of its levels.

You collected 122 gold pieces.

Inventory:

Armour
 a - a +0 robe (worn)
Jewellery
 n - an amulet of rage (around neck)
Scrolls
 d - a scroll of remove curse
 e - a scroll of identify
 j - a scroll of teleportation
Potions
 k - a potion of berserk rage
Books
 b - a book of Necromancy

   Spells                             Type                      Level
   a - Pain                           Necromancy                   1
   b - Animate Skeleton               Necromancy                   1
   c - Vampiric Draining              Necromancy                   3
   d - Regeneration                   Charms/Necromancy            3
   e - Animate Dead                   Necromancy                   4
   f - Borgnjor's Vile Clutch         Necromancy/Earth             5
Comestibles
 c - 4 rations


   Skills:
 - Level 1.7 Dodging
 - Level 1.7 Stealth
 - Level 2.0 Spellcasting
 + Level 6.7 Necromancy


You had one spell level left.
You knew the following spells:

 Your Spells              Type           Power        Failure   Level  Hunger
a - Pain                  Necr           ###.         1%          1    #......
b - Animate Skeleton      Necr           N/A          1%          1    #......
c - Animate Dead          Necr           N/A          12%         4    #####..


Dungeon Overview and Level Annotations

Branches:
Dungeon (3/15)

Altars:
Kikubaaqudgha
Vehumet

Annotations:
D:3 Grinder, Sigmund


Innate Abilities, Weirdness & Mutations

You are surrounded by a mild repulsion field. (EV +2)


Message History

You barely miss Grinder.
Grinder is lightly wounded.
Grinder hits you!
* * * LOW HITPOINT WARNING * * *
You writhe in agony.
* * * LOW HITPOINT WARNING * * *
You barely miss Grinder.
Grinder is lightly wounded.
You closely miss Grinder.
Grinder is lightly wounded.
Grinder gestures at you.
You suddenly lose the ability to move!
Grinder hits you.
* * * LOW HITPOINT WARNING * * *
You writhe in agony.
* * * LOW HITPOINT WARNING * * *
Grinder gestures at you.
You shrug off the repeated paralysis!
Grinder hits you.
You die...

.).....................PP≈♣♣≈♣P..
.######.###.#.####.#...P≈≈♣♣♣PPP.
.######.# #.#.####.#..#PP≈≈≈≈♣PP.
........# #.#.##.#.#..#P≈P≈♣≈♣≈P≈
....###.# #.#.##.#.#..##..PP≈≈≈♣≈
.##.# #.# #.#.##.#.#......P≈P≈≈♣≈
.##.# #.# #.#.##.#5##.###.##P≈.PP
.##.# #.# #.#.##.#.##)###.###.P≈P
.##.# #.# #.....@5..).........###
.##.###.###.####...##.###.##.##
...................##.# #.##.#
..#.##..<##.###.[..##.# #.##.##
........###.# #....##.# #.....#
..#.##..# #.# #....##.# #.##.##
..#.##..###.###....##.###.##.#
.............................#
#.####..###.###.#.###.###.##.#


You could see Grinder.

Vanquished Creatures
  Jessica (D:3)
  5 adders
  An ooze (D:1)
  A worm (D:3)
  A dart slug (D:3)
  3 orcs (D:3)
  3 bats
  2 giant cockroaches
  2 goblins
  2 jackals (D:1)
  2 ball pythons
  5 frilled lizards
  8 kobolds
  3 rats
39 creatures vanquished.

Notes
Turn   | Place    | Note
-------+----------+-------------------------------------------
     0 | D:1      | andwo the Demonspawn Necromancer began the quest for the Orb.
     0 | D:1      | Reached XP level 1. HP: 13/13 MP: 3/3
   167 | D:1      | Learned a level 1 spell: Animate Skeleton
   691 | D:1      | Gained mutation: You are surrounded by a mild repulsion field. (EV +2) [demonic ancestry]
   691 | D:1      | Reached XP level 2. HP: 19/19 MP: 3/5
   825 | D:1      | Reached skill level 5 in Necromancy
  1450 | D:2      | Reached XP level 3. HP: 23/24 MP: 3/6
  1677 | D:2      | Found a radiant altar of Vehumet.
  1680 | D:2      | Found an ancient bone altar of Kikubaaqudgha.
  1789 | D:2      | Reached skill level 6 in Necromancy
  2203 | D:3      | Noticed Grinder
  2513 | D:3      | Noticed Jessica
  2832 | D:3      | Reached XP level 4. HP: 29/30 MP: 3/7
  2847 | D:3      | Killed Jessica
  3289 | D:3      | Learned a level 4 spell: Animate Dead
  3324 | D:3      | Noticed Sigmund
  3827 | D:3      | Paralysed by Grinder for 3 turns
  4215 | D:3      | Paralysed by Grinder for 3 turns
  4216 | D:3      | HP: 2/45 [Grinder (2)]
  4218 | D:3      | Slain by Grinder

Skill      XL: |  1  2  3 |
---------------+----------+-----
Necromancy     | 5 6 |  6.7
Dodging        | |  1.7
Stealth        | |  1.7
Spellcasting   | |  2.0

Action                   |  1- 3 |  4- 6 || total
-------------------------+-------+-------++-------
Melee: Unarmed           |    16 |    20 ||    36
 Cast: Pain              |    49 |    27 ||    76
       Animate Skeleton  |     6 |     5 ||    11
       Animate Dead      |       |     3 ||     3
 Abil: Evoke Berserk Rag |       |     1 ||     1
  Use: Scroll            |     8 |     1 ||     9
       Potion            |     1 |     3 ||     4
 Stab: Sleeping          |     1 |       ||     1
  Eat: Chunk             |     3 |     3 ||     6
       Ration            |     1 |     1 ||     2
Armor: Robe              |     2 |     1 ||     3
Dodge: Dodged            |    24 |    14 ||    38
